 Dungeon Crawl Stone Soup version 0.29-a0-40-g8eb35efe60 (webtiles) character file.

Game seed: 4579140223224909260

450 lunkers the Skirmisher (level 6, -4/57 HPs)
             Began as a Demigod Gladiator on Feb 1, 2022.
             Slain by a kobold brigand (5 damage)
             ... in a sewer.
             The game lasted 00:03:22 (3904 turns).

lunkers the Skirmisher (Demigod Gladiator)          Turns: 3904, Time: 00:03:23

Health: -4/57      AC:  6    Str: 23    XL:     6   Next: 45%
Magic:  8/8        EV: 11    Int: 10    God:
Gold:   93         SH:  0    Dex: 10    Spells: 5/5 levels left

rFire   . . .      SeeInvis .   h - +7 dagger "Worm's Wrath" {drain, Will++ Dex-5}
rCold   . . .      Faith    .   (no shield)
rNeg    . . .      Spirit   .   d - +0 ring mail
rPois   .          Reflect  .   b - +0 helmet
rElec   .          Harm     .   (no cloak)
rCorr   .          Rampage  .   (no gloves)
Will    ++...                   (no boots)
Stlth   ..........              (no amulet)
HPRegen 0.19/turn               (no ring)
MPRegen 0.11/turn               (no ring)

@: no status effects
A: high MP 1, forlorn, divine attributes
a: no special abilities


You were in a sewer.
You visited 1 branch of the dungeon, and saw 4 of its levels.
You also visited: Sewer.

You collected 93 gold pieces.

Inventory:

Hand Weapons
 h - the +7 dagger "Worm's Wrath" (weapon) {drain, Will++ Dex-5}
   (You found it on level 2 of the Dungeon)

   A truly terrible weapon, it drains the life of any living foe it strikes.
   Dex:       It affects your dexterity (-5).
   Will:      It greatly increases your willpower.
Missiles
 c - 3 throwing nets
Armour
 a - a +0 leather armour
 b - a +0 helmet (worn)
 d - a +0 ring mail (worn)
Wands
 n - a wand of iceblast (9)
Scrolls
 f - a scroll of noise {unknown}
 g - a scroll of teleportation
 i - a scroll of blinking {unknown}
 k - a scroll of enchant weapon {unknown}
 m - a scroll of acquirement {unknown}
 o - a scroll of magic mapping {unknown}
Potions
 j - 2 potions of curing
 l - a potion of lignification
 p - a potion of haste


   Skills:
 + Level 6.0 Fighting
 - Level 1.7 Throwing
 - Level 2.6 Dodging
 - Level 3.9 Unarmed Combat


You had 5 spell levels left.
You didn't know any spells.
Your spell library contained the following spells:

 Spells                   Type           Power      Damage    Failure   Level
 Blink                    Tloc           0%         N/A       67%         2
 Tukima's Dance           Hex            0%         N/A       88%         3
 Anguish                  Hex/Necr       0%         N/A       99%         4
 Manifold Assault         Tloc           0%         N/A       100%        5
 Enfeeble                 Hex            0%         N/A       100%        7
 Storm Form               Tmut/Air       0%         N/A       100%        7


Dungeon Overview and Level Annotations

Branches:
Dungeon (4/15)              Sewer (1/1)
 Temple: D:4-7


Innate Abilities, Weirdness & Mutations

You have an increased reservoir of magic. (+10% MP)
You shall have no god before yourself.
Your divine heritage dramatically boosts your attributes as you level up.


Message History

The kobold brigand hits you with a +2 whip of flaming.
* * * LOW HITPOINT WARNING * * *
The kobold brigand burns you.
* * * LOW HITPOINT WARNING * * *
The kobold brigand hits you with a +0 dagger!
* * * LOW HITPOINT WARNING * * *
You hit the kobold but do no damage. You drain the kobold.
You kill the kobold!
Unknown command.
You barely miss the kobold brigand.
Unknown command.
You puncture the kobold brigand!
The kobold brigand is moderately wounded.
The kobold brigand hits you but does no damage.
Unknown command.
You puncture the kobold brigand!
The kobold brigand is severely wounded.
The kobold brigand barely misses you.
Unknown command.
You hit the kobold brigand.
The kobold brigand is severely wounded.
The kobold hits you with a +0 dagger.
* * * LOW HITPOINT WARNING * * *
The kobold brigand hits you with a +2 whip of flaming.
* * * LOW HITPOINT WARNING * * *
The kobold brigand burns you.
* * * LOW HITPOINT WARNING * * *
The kobold brigand hits you with a +0 dagger.
* * * LOW HITPOINT WARNING * * *
Unknown command.
Unknown command.
You hit the kobold brigand. You drain the kobold brigand.
The kobold brigand is almost dead.
The kobold hits you but does no damage.
The kobold brigand hits you with a +2 whip of flaming.
* * * LOW HITPOINT WARNING * * *
The kobold brigand burns you.
* * * LOW HITPOINT WARNING * * *
The kobold brigand hits you with a +0 dagger.
You die...

### .∩# ##### ######...##
####
####......###..###### ##≈
##...............#..#.!#≈
...†............K#.....#≈
...†............@K....#
........≈.≈≈....K#.....#≈
....≈..≈.≈≈≈≈≈≈≈≈#..#..#≈
..≈.≈.≈≈≈≈≈≈≈≈≈≈≈#### ##≈
≈..≈≈≈≈≈≈≈≈≈≈≈≈≈≈#
≈≈≈≈≈≈≈≈≈≈≈≈≈≈≈≈≈≈
≈≈≈≈≈≈≈≈≈≈≈≈≈≈≈≈≈#≈
≈≈≈≈≈≈≈≈≈≈


You could see 2 kobold brigands and a kobold.

Vanquished Creatures
  An ogre (D:4)
  A phantom (D:3)
  An iguana (D:4)
  An orc wizard (D:4)
  Robin (D:3)
  7 gnolls
  2 adders
  4 worms
  4 orcs (D:4)
  17 ball pythons
  11 endoplasms
  5 giant cockroaches
  16 goblins
  9 hobgoblins
  11 jackals
  7 kobolds
  4 quokkas
  7 bats
  6 frilled lizards
  10 rats
125 creatures vanquished.

Vanquished Creatures (others)
  2 plants (D:3)
2 creatures vanquished.

Grand Total: 127 creatures vanquished

Notes
Turn   | Place    | Note
-------+----------+-------------------------------------------
     0 | D:1      | lunkers the Demigod Gladiator began the quest for the Orb.
     0 | D:1      | Reached XP level 1. HP: 17/17 MP: 3/3
   504 | D:1      | Reached XP level 2. HP: 24/24 MP: 4/4
   676 | D:1      | Reached skill level 2 in Fighting
  1004 | D:1      | Reached XP level 3. HP: 26/29 MP: 5/5
  1480 | D:2      | Identified the +7 dagger "Worm's Wrath" {drain, Will++
                  | Dex-5}
  1781 | D:2      | Reached skill level 3 in Fighting
  1781 | D:2      | Reached XP level 4. HP: 30/38 MP: 6/6
  2390 | D:3      | Noticed a phantom
  2409 | D:3      | Killed a phantom
  2410 | D:3      | Reached skill level 4 in Fighting
  2410 | D:3      | Reached XP level 5. HP: 23/47 MP: 7/7
  2972 | D:3      | Reached skill level 5 in Fighting
  3222 | D:3      | Noticed Robin
  3243 | D:3      | Killed Robin
  3571 | D:4      | Noticed an ogre
  3581 | D:4      | Reached XP level 6. HP: 42/56 MP: 8/8
  3699 | D:4      | Found a glowing drain.
  3718 | D:4      | Reached skill level 6 in Fighting
  3750 | Sewer    | Entered a sewer
  3904 | Sewer    | HP: 1/57 [kobold brigand (2)]
  3904 | Sewer    | Slain by a kobold brigand

Illustrated notes

Levels and vault maps discovered:
D:1:      zaba_arrival_water, layout_loops_ring, wad_floor_pattern_untrapped,
          st_stairs_3
D:2:      layout_loops_ring
D:3:      layout_loops_ring, dilly_ecumenical_altar_fadedgnrine, uniq_robin
D:4:      layout_cave_pools, cheibrodos_sewer_entry_sluice
Sewer:    sewer_minmay_treatment

Skill      XL: |  1  2  3  4  5  6 |
---------------+-------------------+-----
Unarmed Combat | 3 |  3.9
Fighting       | 2 3 4 5 6 |  6.0
Throwing       | |  1.7
Dodging        | |  2.6

Action                   |  1- 3 |  4- 6 || total
-------------------------+-------+-------++-------
Melee: Unarmed           |   135 |       ||   135
       Punch             |     5 |     2 ||     7
       Dagger            |    28 |   189 ||   217
  Use: Scroll            |       |     4 ||     4
Armor: Leather armour    |     7 |       ||     7
       Ring mail         |    51 |    71 ||   122
Dodge: Dodged            |   105 |   109 ||   214

Table legend: (Time is in decaauts)
 A = Elapsed time spent in this place.
 B = Non-inter-level travel time spent in this place.
 C = Inter-level travel time spent in this place.
 D = Time resting spent in this place.
 E = Time spent auto-exploring this place.
 F = Levels seen in this place.
 G = Mean time per level.
                   A        B        C        D        E       F      G
               +--------+--------+--------+--------+--------+-----+--------+
         Total |   3904 |   3789 |    115 |    102 |   2999 |   5 |  780.8 |
       Dungeon |   3750 |   3635 |    115 |      8 |   2966 |   4 |  937.5 |
         Sewer |    153 |    153 |      0 |     94 |     33 |   1 |  153.0 |
               +--------+--------+--------+--------+--------+-----+--------+

Top non-repeatable levels by time:
     D:1: 1463 daAuts
     D:3: 1274 daAuts
     D:2: 808 daAuts
     D:4: 204 daAuts
   Sewer: 153 daAuts
